 Dungeon Crawl Stone Soup version 0.31-a0-408-gb642c7f9a3 (webtiles) character file.

Game seed: 14081481758880397550

77 shakesphere1979 the Sneak (level 4, -2/38 HPs)
             Began as an Armataur Hedge Wizard on July 29, 2023.
             Slain by a gnoll
             ... wielding a +0 halberd
              (15 damage)
             ... on level 3 of the Dungeon.
             The game lasted 00:07:06 (2799 turns).

shakesphere1979 the Sneak (Armataur Hedge Wizard)   Turns: 2799, Time: 00:07:07

Health: -2/38      AC:  4    Str: 16    XL:     4   Next: 13%
Magic:  8/8        EV:  9    Int: 16    God:
Gold:   144        SH:  0    Dex:  9    Spells: 7/8 levels left

rFire   . . .        e - +1 dagger (speed)
rCold   . . .        (no shield)
rNeg    . . .        b - +0 robe
rPois   .            c - +0 hat
rElec   .            (no cloak)
rCorr   .            (no gloves)
SInv    .            (no barding)
Will    .....        (no amulet)
Stlth   ++           (no ring)
HPRegen 0.26/turn    (no ring)
MPRegen 0.11/turn

%: roll
@: no status effects
A: large, rugged brown scales 3, deformed body, armoured tail, roll, long
tongue, awkward tongue
a: no special abilities


You were on level 3 of the Dungeon.
You visited 1 branch of the dungeon, and saw 3 of its levels.

You collected 144 gold pieces.

Inventory:

Hand Weapons
 e - a +1 dagger of speed (weapon)
Missiles
 u - a throwing net (quivered)
Armour
 a - a +2 kite shield of fire resistance
 b - a +0 robe (worn)
 c - a +0 hat (worn)
 i - the +0 leather armour of Husamam {rElec rF+}
   (You found it on level 2 of the Dungeon)

   rF:        It protects you from fire.
   rElec:     It insulates you from electricity.
Magical Staves
 p - a staff of air
Jewellery
 q - a ring of resist corrosion
Scrolls
 h - a scroll of revelation
 j - a scroll of vulnerability {unknown}
 m - a scroll of fog {unknown}
 n - a scroll of torment {unknown}
 o - a scroll of identify {unknown}
 r - a scroll of amnesia {unknown}
 t - a scroll of noise {unknown}
Potions
 d - a potion of magic
 f - 2 potions of attraction {unknown}
 g - 3 potions of curing {unknown}
 k - a potion of mutation {unknown}
 l - a potion of resistance {unknown}
 s - 3 potions of lignification {unknown}


   Skills:
 + Level 1.7 Fighting
 + Level 1.1 Armour
 - Level 1.9 Dodging
 - Level 3.0 Stealth
 + Level 2.8 Spellcasting
 - Level 0.8 Conjurations
 + Level 1.1 Summonings
 - Level 1.0 Translocations


You had 7 spell levels left.
You knew the following spells:

 Your Spells              Type           Power      Damage    Failure   Level
a - Magic Dart            Conj           20%        1d4       14%         1

Your spell library contained the following spells:

 Spells                   Type           Power      Damage    Failure   Level
 Summon Small Mammal      Summ           20%        N/A       12%         1
 Necrotise                Necr           8%         1d4       19%         1
 Slow                     Hex            8%         N/A       19%         1
 Blink                    Tloc           10%        N/A       19%         2
 Call Imp                 Summ           10%        N/A       19%         2
 Cigotuvi's Dreadful Rot  Necr/Pois/Air  4%         N/A       28%         2
 Call Canine Familiar     Summ           5%         N/A       34%         3
 Summon Guardian Golem    Hex/Summ       4%         N/A       41%         3
 Mephitic Cloud           Conj/Pois/Air  3%         N/A       45%         3
 Vampiric Draining        Necr           2%         2d6       50%         3
 Manifold Assault         Tloc           5%         N/A       77%         4
 Agony                    Necr           2%         N/A       99%         5


Dungeon Overview and Level Annotations

Branches:
Dungeon (3/15)

Altars:


Innate Abilities, Weirdness & Mutations

You are completely covered in rugged brown scales. (AC +3, +7% HP)
Armour fits poorly on your strangely shaped body.
You have a long armoured tail.
You roll when moving toward enemies. (Rampage)
Your long tongue fully drains potion bottles. (2x potion effects)
Your tongue gives you trouble enunciating. (1.5x scroll delay)


Message History

You closely miss the gnoll.
The gnoll is lightly wounded.
The gnoll hits you with a +0 halberd!
You hit the gnoll.
The gnoll is moderately wounded.
The gnoll hits you with a +0 halberd.
You hit the gnoll but do no damage.
The gnoll is moderately wounded.
The gnoll completely misses you.
You completely miss the gnoll.
The gnoll is moderately wounded.
You hit the gnoll.
You tail-slap the gnoll, but do no damage.
The gnoll is moderately wounded.
The gnoll hits you with a +0 halberd!
You hit the gnoll.
Your tail-slap misses the gnoll.
The gnoll is heavily wounded.
You closely miss the gnoll.
The gnoll is heavily wounded.
The gnoll misses you.
You hit the gnoll but do no damage.
The gnoll is heavily wounded.
The gnoll barely misses you.
You barely miss the gnoll.
The gnoll is heavily wounded.
You hit the gnoll but do no damage.
The gnoll is heavily wounded.
The gnoll barely misses you.
You barely miss the gnoll.
The gnoll is heavily wounded.
The gnoll completely misses you.
You closely miss the gnoll.
The gnoll is heavily wounded.
The gnoll barely misses you.
You hit the gnoll.
The gnoll is severely wounded.
You hit the gnoll.
The gnoll is severely wounded.
The gnoll hits you with a +0 halberd!
You die...

#.# #.......# #.# #.## ##.....##
#.## #### ...##
##...#.#########.#***#... ....#
#..###..PP#...g###......
....########......P#...PP..#**.##
..#.......##..P..P.#.......#*,,#.
..########P.P.....P#.P.....P.#.#.
..########........P_..P...PP.#...
..########P.....@g.#........P####
#.##########P.PP...#P.PP...##.#
#.##########P......#.PP..P.#*##
#........##.###P...#.P..###.#****
#..#####.#.....#########.#,..,,,,
#..#####.#.###.# *,,,...,,,**,
#..#####.#.###.# *,***#.**,**,
...............# *,* *,,,,,**,
...###.#†#.##..# *,* *,,,,,,,,


You could see a gnoll.

Vanquished Creatures
  A gnoll (D:2)
  An adder (D:3)
  A worm (D:2)
  A dart slug (D:3)
  6 bats
  8 endoplasms
  A giant cockroach (D:2)
  9 goblins
  5 hobgoblins
  2 jackals (D:1)
  3 ball pythons
  2 frilled lizards (D:1)
  4 kobolds
  4 rats
48 creatures vanquished.

Notes
Turn   | Place    | Note
-------+----------+-------------------------------------------
     0 | D:1      | shakesphere1979 the Armataur Hedge Wizard began the quest
                  | for the Orb.
     0 | D:1      | Reached XP level 1. HP: 14/14 MP: 4/4
   285 | D:1      | Reached XP level 2. HP: 5/23 MP: 5/5
   444 | D:2      | Identified the +0 leather armour of Husamam {rElec rF+}
   591 | D:2      | Reached skill level 1 in Fighting
   965 | D:1      | Reached skill level 3 in Stealth
   965 | D:1      | Reached XP level 3. HP: 24/29 MP: 7/7
  1352 | D:2      | You fall into a shaft and drop 1 floor!
  1643 | D:2      | Identified the +5 rapier "Xounais" {protect, rN+ Will++
                  | Int+2 Stlth-}
  2254 | D:2      | Reached skill level 1 in Summonings
  2340 | D:3      | Found a faded altar of an unknown god.
  2351 | D:3      | Reached skill level 1 in Armour
  2578 | D:3      | Reached XP level 4. HP: 10/38 MP: 8/8
  2799 | D:3      | Slain by a gnoll

Illustrated notes

Levels and vault maps discovered:
D:1:      dpeg_arrival_rooms_b, layout_loops_cross, serial_bayou_pond_a
D:2:      layout_basic
D:3:      layout_loops_corners, shapermc_ecumenical_altar_gd,
          hangedman_abyss_or_decor_lesser_grid, hangedman_decor_points

Skill      XL: |  1  2  3 |
---------------+----------+-----
Fighting       | 1 |  1.7
Stealth        | 3 |  3.0
Summonings     | 1 |  1.1
Armour         | 1 |  1.1
Dodging        | |  1.9
Spellcasting   | |  2.8
Conjurations   | |  0.8
Translocations | |  1.0

Action                     |  1- 3 |  4- 6 || total
---------------------------+-------+-------++-------
  Melee: Dagger            |   191 |    17 ||   208
         Tailslap          |    20 |     1 ||    21
         Punch             |     1 |       ||     1
   Cast: Magic Dart        |     3 |       ||     3
    Use: Scroll            |     1 |       ||     1
   Stab: Sleeping          |    10 |       ||    10
 Armour: Robe              |    54 |     1 ||    55
  Dodge: Dodged            |    70 |     6 ||    76

Table legend: (Time is in decaauts)
 A = Elapsed time spent in this place.
 B = Non-inter-level travel time spent in this place.
 C = Inter-level travel time spent in this place.
 D = Time resting spent in this place.
 E = Time spent auto-exploring this place.
 F = Levels seen in this place.
 G = Mean time per level.
                   A        B        C        D        E       F      G
               +--------+--------+--------+--------+--------+-----+--------+
         Total |   2735 |   2703 |     32 |      0 |   2031 |   3 |  911.7 |
       Dungeon |   2735 |   2703 |     32 |      0 |   2031 |   3 |  911.7 |
               +--------+--------+--------+--------+--------+-----+--------+

Top non-repeatable levels by time:
     D:2: 1337 daAuts
     D:1: 891 daAuts
     D:3: 506 daAuts
